 Dungeon Crawl Stone Soup version 0.31-a0-702-gf82c85558f (webtiles) character file.

Game seed: 10638029514631984465

5818 Newt the Markskobold (level 11, -1/68 HPs)
             Began as a Kobold Hunter on Sept 8, 2023.
             Was an Initiate of Hepliaklqana.
             Slain by a komodo dragon (19 damage)
             ... on level 8 of the Dungeon.
             The game lasted 00:10:00 (9187 turns).

Newt the Markskobold (Kobold Hunter)                Turns: 9187, Time: 00:10:00

Health: -1/68      AC:  6    Str: 11    XL:     11   Next: 7%
Magic:  18/18      EV: 20    Int:  6    God:    Hepliaklqana [......]
Gold:   230        SH:  5    Dex: 28    Spells: 18/20 levels left

rFire   . . .        a - +1 shortbow
rCold   . . .        (shield currently unavailable)
rNeg    + . .        f - +2 leather armour {rPois}
rPois   +            (no helmet)
rElec   .            (no cloak)
rCorr   .            (no gloves)
SInv    .            p - +0 pair of boots "Osyshil" {rPois rC- Int-5 Dex+8}
Will    .....        e - amulet of reflection
Stlth   +++          k - ring of positive energy
HPRegen 0.31/turn    x - ring of protection from cold
MPRegen 0.16/turn

%: reflection
@: no status effects
A: small, no large weapons, nightstalker 3
a: Renounce Religion


You were on level 8 of the Dungeon.
You worshipped Hepliaklqana.
Hepliaklqana was noncommittal.
You visited 2 branches of the dungeon, and saw 9 of its levels.
You also visited: Ossuary.

You collected 477 gold pieces.
You spent 247 gold pieces at shops.

Inventory:

Hand Weapons
 a - a +1 shortbow (weapon)
Missiles
 r - a throwing net
Armour
 c - a +0 leather armour
 d - a +1 pair of boots
 f - a +2 leather armour of poison resistance (worn)
 o - a +0 ring mail of cold resistance
 p - the +0 pair of boots "Osyshil" (worn) {rPois rC- Int-5 Dex+8}
   (You bought it in a shop on level 6 of the Dungeon)

   Int-5:     It affects your intelligence (-5).
   Dex+8:     It affects your dexterity (+8).
   rC-:       It makes you vulnerable to cold.
   rPois:     It protects you from poison
 q - the +0 scale mail of Eternal Vigilance {rElec rC+ Dex+3 Slay-2}
   (You found it on level 3 of the Dungeon)

   Dex+3:     It affects your dexterity (+3).
   Slay-2:    It affects your accuracy & damage with ranged weapons and melee
   (-2).
   rC+:       It protects you from cold.
   rElec:     It insulates you from electricity.
 u - a +0 kite shield
Jewellery
 e - an amulet of reflection (around neck)
 k - a ring of positive energy (left hand)
 x - a ring of protection from cold (right hand)
 J - the ring of Cyd Ciyd {Wiz Int+4}
   (You found it in an ossuary)

   [ring of wizardry]

   Wiz:       It improves your spell success rate.
   Int+4:     It affects your intelligence (+4).
Wands
 h - a wand of flame (34)
 B - a wand of charming (3)
Scrolls
 b - a scroll of butterflies
 g - 4 scrolls of enchant armour
 n - 2 scrolls of teleportation
 v - a scroll of poison
 y - a scroll of vulnerability
 C - a scroll of enchant weapon
 E - 2 scrolls of fog
 I - 2 scrolls of immolation
 K - 2 scrolls of fear
Potions
 i - 2 potions of curing
 j - 4 potions of heal wounds
 l - a potion of berserk rage
 m - 5 potions of lignification
 s - 2 potions of enlightenment
 t - a potion of brilliance
 w - 2 potions of haste
 z - 2 potions of resistance {unknown}
 A - a potion of mutation {unknown}
 H - a potion of ambrosia {unknown}


   Skills:
 + Level 8.1 Fighting
 - Level 15.0 Ranged Weapons
 - Level 6.0 Dodging
 - Level 1.3 Stealth
 - Level 5.2 Spellcasting
 - Level 5.2 Transmutations


You had 18 spell levels left.
You knew the following spells:

 Your Spells              Type           Power      Damage    Failure   Level
a - Wereblood             Tmut           7%         N/A       7%          2

Your spell library contained the following spells:

 Spells                   Type           Power      Damage    Failure   Level
 Slow                     Hex            4%         N/A       36%         1
 Poisonous Vapours        Pois/Air       2%         N/A       52%         2
 Sublimation of Blood     Necr           1%         N/A       52%         2
 Confusing Touch          Hex            1%         N/A       75%         3
 Mephitic Cloud           Conj/Pois/Air  1%         N/A       75%         3
 Ozocubu's Armour         Ice            1%         N/A       75%         3
 Sigil of Binding         Hex            1%         N/A       75%         3
 Vampiric Draining        Necr           1%         2d6       75%         3
 Freezing Cloud           Conj/Ice/Air   0%         6-21      100%        5
 Metabolic Englaciation   Hex/Ice        0%         N/A       100%        5
 Simulacrum               Ice/Necr       0%         N/A       100%        6
 Summon Hydra             Summ           0%         N/A       100%        7


Dungeon Overview and Level Annotations

Branches:
Dungeon (8/15)             Temple (1/1) D:7            Lair (0/5) D:8
Ossuary (visited)

Altars:
Ashenzari
Cheibriados
Dithmenos
Elyvilon
Fedhas
Gozag
Hepliaklqana
Kikubaaqudgha
Okawaru
Qazlal
Ru
Sif Muna
Trog
Uskayaw
Vehumet
Wu Jian
Xom
Yredelemnul
The Shining One

Shops:
D:6 [


Innate Abilities, Weirdness & Mutations

You are small and have problems with some larger weapons.
You are completely attuned to the shadows.


Message History

You are too injured to fight recklessly!
You are too injured to fight recklessly!
You are too injured to fight recklessly!
You are too injured to fight recklessly!
You are too injured to fight recklessly!
You are too injured to fight recklessly!
You are too injured to fight recklessly!
You are too injured to fight recklessly!
You are too injured to fight recklessly!
You are too injured to fight recklessly!
Unknown command.
You shoot an arrow.
The arrow closely misses the komodo dragon.
The komodo dragon completely misses you.
Unknown command.
You shoot an arrow.
The arrow closely misses the komodo dragon.
Unknown command.
You shoot an arrow. The arrow hits the komodo dragon.
The komodo dragon is severely wounded.
The komodo dragon closely misses you.
Unknown command.
You shoot an arrow. The arrow hits the komodo dragon!
The komodo dragon is almost dead.
The komodo dragon misses you.
Unknown command.
You shoot an arrow.
The arrow hits the komodo dragon but does no damage.
The komodo dragon is almost dead.
The komodo dragon bites you!
* * * LOW HITPOINT WARNING * * *
Unknown command.
You shoot an arrow.
The arrow hits the komodo dragon but does no damage.
The komodo dragon is almost dead.
Unknown command.
You shoot an arrow. The arrow hits the komodo dragon.
The komodo dragon is almost dead.
The komodo dragon bites you!!
You die...

***** *,,,* ****,*** **,,,,*
##### #### ,,******
####...########...
,*,***,********#@..###.........#.
,,,,,,*,**,,*#.l#### ##.##.###...
,,,,,,,,***,...#* ###### #...
*,***,,,,,,,..#* #...
*,,*,*******##* #... **********
****** #... ,,,,* *,,**** *....#
#######..) ,,*,* *...,.#
*#'#.###.#......) ,*#.*
*#.##.######.......#.#....#


You could see a komodo dragon.

Vanquished Creatures
  Grinder (D:5)
  Sigmund (D:3)
  A wyvern (D:5)
  A basilisk (D:8)
  2 wraiths (D:7)
  3 steam dragons
  3 water moccasins
  2 sky beasts
  2 ice beasts
  An orc warrior (D:7)
  2 centaurs
  5 phantoms
  2 kobold brigands (D:8)
  2 bullfrogs (D:6)
  11 scorpions
  10 wights
  4 killer bees (D:7)
  2 howler monkeys (D:8)
  3 centaur zombies (Ossuary)
  6 hounds
  3 human zombies (Ossuary)
  3 jellies
  3 orc priests
  3 gnoll boudas
  3 sleepcaps
  3 iguanas
  10 orc wizards
  5 scorpion zombies (Ossuary)
  4 mummies
  14 gnolls
  6 adders
  A white imp (D:7)
  An ufetubus (D:6)
  3 worms
  3 dart slugs
  20 orcs
  8 ball pythons
  3 bats
  6 endoplasms
  3 giant cockroaches
  A gnoll zombie (Ossuary)
  6 goblins
  12 hobgoblins
  5 jackals
  A quokka (D:3)
  3 frilled lizards
  A hobgoblin zombie (Ossuary)
  20 kobolds
  3 orc zombies (Ossuary)
  4 rats
225 creatures vanquished.

Notes
Turn   | Place    | Note
-------+----------+-------------------------------------------
     0 | D:1      | Newt the Kobold Hunter began the quest for the Orb.
     0 | D:1      | Reached XP level 1. HP: 12/12 MP: 1/1
    76 | D:1      | Reached XP level 2. HP: 14/18 MP: 2/2
   773 | D:2      | Reached XP level 3. HP: 24/24 MP: 3/3
   955 | D:2      | Reached XP level 4. HP: 30/30 MP: 4/4
  1341 | D:2      | Reached skill level 5 in Fighting
  1785 | D:3      | Noticed Sigmund
  1798 | D:3      | Killed Sigmund
  1799 | D:3      | Reached skill level 7 in Ranged Weapons
  1799 | D:3      | Reached XP level 5. HP: 21/35 MP: 5/5
  1799 | D:3      | Reached XP level 6. HP: 24/40 MP: 6/6
  2107 | D:3      | Reached skill level 8 in Ranged Weapons
  2277 | D:3      | Found a radiant altar of Vehumet.
  2277 | D:3      | Found a snail-covered altar of Cheibriados.
  2343 | D:3      | Found a faded altar of an unknown god.
  2433 | D:3      | Identified the +0 scale mail of Eternal Vigilance {rElec
                  | rC+ Dex+3 Slay-2}
  2772 | D:4      | Reached XP level 7. HP: 44/44 MP: 7/7
  2798 | D:4      | Reached skill level 9 in Ranged Weapons
  3442 | D:4      | Found a glowing golden altar of the Shining One.
  3794 | D:4      | Reached skill level 10 in Ranged Weapons
  3866 | D:4      | Found a sacrificial altar of Ru.
  3900 | D:5      | Entered Level 5 of the Dungeon
  4431 | D:5      | Noticed a fire elemental
  4433 | D:5      | Noticed a water elemental
  4434 | D:5      | Found a stormy altar of Qazlal.
  4437 | D:5      | Noticed an air elemental
  4448 | D:5      | Reached XP level 8. HP: 49/49 MP: 8/8
  4453 | D:5      | Noticed a wyvern
  4463 | D:5      | Killed a wyvern
  4464 | D:5      | Reached skill level 5 in Dodging
  4537 | D:5      | Found a shadowy altar of Dithmenos.
  5145 | D:5      | Noticed Grinder
  5161 | D:5      | Killed Grinder
  5384 | D:5      | Learned a level 2 spell: Wereblood
  5487 | D:6      | Found Mankunea's Antique Armour Shop.
  5490 | D:6      | Bought a pair of spiked boots for 247 gold pieces
  5490 | D:6      | Identified the +0 pair of boots "Osyshil" {rPois rC- Int-5
                  | Dex+8} (You bought it in a shop on level 6 of the Dungeon)
  5637 | D:6      | Reached XP level 9. HP: 26/54 MP: 11/13
  6358 | D:6      | Reached skill level 5 in Spellcasting
  6358 | D:6      | Reached skill level 5 in Transmutations
  7158 | D:7      | Reached skill level 11 in Ranged Weapons
  7162 | D:7      | Found a shimmering altar of Xom.
  7163 | D:7      | Found a bloodstained altar of Trog.
  7163 | D:7      | Found a white marble altar of Elyvilon.
  7164 | D:7      | Found a shimmering blue altar of Sif Muna.
  7297 | D:7      | Reached skill level 12 in Ranged Weapons
  7297 | D:7      | Reached XP level 10. HP: 45/59 MP: 15/17
  7421 | D:7      | Found a staircase to the Ecumenical Temple.
  7478 | D:7      | Reached skill level 13 in Ranged Weapons
  7495 | Temple   | Entered the Ecumenical Temple
  7515 | Temple   | Became a worshipper of Hepliaklqana the Forgotten
  7936 | D:7      | Reached skill level 14 in Ranged Weapons
  8227 | D:8      | Found a sand-covered staircase.
  8239 | Ossuary  | Entered an ossuary
  8476 | Ossuary  | Reached skill level 15 in Ranged Weapons
  8652 | Ossuary  | Identified the ring of Cyd Ciyd {Wiz Int+4}
  9062 | D:8      | Reached XP level 11. HP: 62/67 MP: 18/18
  9094 | D:8      | Found a broken altar of Ashenzari.
  9187 | D:8      | Slain by a komodo dragon

Illustrated notes

Levels and vault maps discovered:
D:1:      giann_forest_graveyard, layout_basic
D:2:      layout_loops_ring
D:3:      layout_basic, gammafunk_temple_overflow_elements, serial_corexii_hall,
          corexii_hall_statues_deadend, corexii_hall_statues_deadend,
          shapermc_ecumenical_altar_flowoftime, st_stairs_2, uniq_sigmund
D:4:      minmay_thinvault, layout_cave_pools,
          mainiacjoe_overflow_concentric_impassable, lemuel_tele_altar,
          kennysheep_generic_room_12
D:5:      layout_layer_cave, nicolae_qazlal_style_of_elements,
          general_overflow_altar, minmay_misc_feat_more_columns,
          minmay_misc_feat_secret_circle, st_stairs_6, uniq_grinder
D:6:      layout_gridville, serial_shops, shop
D:7:      layout_rooms, chequers_temple_overflow_statue_of_worship,
          temple_green, kb_rosetta
D:8:      layout_basic, zin_treasury, ashenzari_altar_1, erik_lair_dragon,
          gup_ossuary_entry_pyramid, small_chamber_with_monster, uniq_grum
Temple:   hellmonk_temple_of_storms

Skill      XL: |  1  2  3  4  5  6  7  8  9 10 11 |
---------------+----------------------------------+-----
Fighting       | 3 4 5 7 8 |  8.1
Ranged Weapons | 7 8 10 12 15 | 15.0
Dodging        | 4 6 |  6.0
Spellcasting   | 3 5 |  5.2
Transmutations | 3 5 |  5.2
Stealth        | |  1.3

Action                     |  1- 3 |  4- 6 |  7- 9 | 10-12 || total
---------------------------+-------+-------+-------+-------++-------
   Fire: Shortbow          |    60 |   118 |   377 |   424 ||   979
   Cast: Wereblood         |       |       |     3 |     3 ||     6
    Use: Scroll            |       |       |    10 |    10 ||    20
         Potion            |       |       |     1 |       ||     1
 Armour: Leather armour    |     9 |    22 |    94 |    80 ||   205
         Skin              |       |       |     1 |       ||     1
  Dodge: Dodged            |    13 |    28 |   157 |   185 ||   383
  Block: Other             |     7 |    15 |    51 |    50 ||   123
         Reflection        |       |     2 |     1 |       ||     3

Table legend: (Time is in decaauts)
 A = Elapsed time spent in this place.
 B = Non-inter-level travel time spent in this place.
 C = Inter-level travel time spent in this place.
 D = Time resting spent in this place.
 E = Time spent auto-exploring this place.
 F = Levels seen in this place.
 G = Mean time per level.
                   A        B        C        D        E       F      G
               +--------+--------+--------+--------+--------+-----+--------+
         Total |   9085 |   8730 |    355 |   1256 |   6085 |  10 |  908.5 |
       Dungeon |   8626 |   8311 |    315 |   1256 |   5846 |   8 | 1078.2 |
        Temple |     40 |      1 |     39 |      0 |      0 |   1 |   40.0 |
       Ossuary |    418 |    418 |      0 |      0 |    239 |   1 |  418.0 |
               +--------+--------+--------+--------+--------+-----+--------+

Top non-repeatable levels by time:
     D:5: 1583 daAuts
     D:7: 1314 daAuts
     D:6: 1279 daAuts
     D:4: 1251 daAuts
     D:3: 981 daAuts
     D:2: 918 daAuts
     D:1: 771 daAuts
     D:8: 526 daAuts
 Ossuary: 418 daAuts
  Temple: 40 daAuts
